 Dungeon Crawl Stone Soup version 0.26-a0-720-g2a1d101370 (webtiles) character file.

Game seed: 11591062063010883303

2177 Sobieck the Frost Mage (level 9, -2/75 HPs)
             Began as a Naga Ice Elementalist on Nov 2, 2020.
             Was an Elder of Cheibriados.
             Slain by a steam dragon (5 damage)
             ... on level 6 of the Dungeon.
             The game lasted 00:23:54 (9218 turns).

Sobieck the Frost Mage (Naga Ice Elementalist)      Turns: 9218, Time: 00:23:54

Health: -2/75      AC:  4    Str: 22    XL:     9   Next: 32%
Magic:  13/13      EV: 10    Int: 28    God:    Cheibriados [****..]
Gold:   343        SH:  0    Dex: 21    Spells: 5/12 levels left

rFire    x . .     SeeInvis +   a - +7 hand axe
rCold    + + .     Faith    .   (no shield)
rNeg     . . .     Spirit   .   e - +0 robe
rPois    +         Reflect  .   (no helmet)
rElec    .         Harm     .   (no cloak)
rCorr    .         Rampage  .   (no gloves)
MR       +....                  (no barding)
Stlth    +++.......             K - amulet of magic regeneration
HPRegen  0.22/turn              i - ring of protection from cold
MPRegen  0.38/turn              q - ring of ice

@: flying, very slightly contaminated, invisible, very slow
A: large, see invisible, deformed body, poison resistance, slowness 2, spit
poison 1, AC +3
a: Spit Poison, Bend Time, Temporal Distortion, Slouch, Renounce Religion


You were on level 6 of the Dungeon.
You worshipped Cheibriados.
Cheibriados was greatly pleased with you.
You visited 2 branches of the dungeon, and saw 8 of its levels.

You collected 343 gold pieces.

Inventory:

Hand Weapons
 a - a +7 hand axe (weapon)
 b - a +0 hand crossbow of freezing
 J - a +0 hunting sling
Missiles
 c - 261 stones (quivered)
 f - 6 boomerangs
 k - 91 arrows
 p - 34 bolts
 t - 34 sling bullets
 A - 38 poisoned darts
 H - a throwing net
Armour
 e - a +0 robe (worn)
 m - the cursed +0 chain mail of the Pits of Slime {Int+2 Slay+2, unknown}
   (You found it on level 4 of the Dungeon)

   It affects your intelligence (+2).
   It affects your accuracy and damage with ranged weapons and melee attacks
   (+2).
   It has a curse placed upon it.
 I - the +2 scale mail of Geuhont {-Tele rPois Dex+4, unknown}
   (You found it on level 6 of the Dungeon)

   It affects your dexterity (+4).
   It protects you from poison.
   It prevents most forms of teleportation.
Jewellery
 d - an uncursed ring of flight {unknown}
 i - a ring of protection from cold (left hand)
 q - a ring of ice (right hand)
 s - an uncursed ring of protection from magic
 v - an uncursed ring of protection from fire
 K - an amulet of magic regeneration (around neck)
 M - a +4 ring of evasion {unknown}
Wands
 r - a wand of disintegration (9)
Scrolls
 l - 5 scrolls of teleportation {unknown}
 o - 2 scrolls of blinking {unknown}
 y - 2 scrolls of immolation {unknown}
 B - 4 scrolls of remove curse {unknown}
 E - a scroll of fear {unknown}
 G - a scroll of enchant weapon {unknown}
 L - a scroll of noise {unknown}
Potions
 g - a potion of might {unknown}
 h - a potion of mutation {unknown}
 j - a potion of curing {unknown}
 n - 2 potions of stabbing {unknown}
 u - 2 potions of invisibility
 x - a potion of flight
 z - a potion of lignification {unknown}
 C - 2 potions of resistance {unknown}
 D - a potion of ambrosia {unknown}


   Skills:
 - Level 3.0 Fighting
 + Level 7.8 Axes
 - Level 1.5 Dodging
 - Level 3.0 Stealth
 - Level 2.0 Spellcasting
 - Level 8.0 Ice Magic
 + Level 5.3 Invocations


You had 5 spell levels left.
You knew the following spells:

 Your Spells              Type           Power        Failure   Level
a - Freeze                Ice            ####         1%          1
b - Frozen Ramparts       Ice            ######       1%          3
c - Ozocubu's Armour      Ice            ######..     1%          3

Your spell library contained the following spells:

 Spells                   Type           Power        Failure   Level
 Hailstorm                Conj/Ice       #####...     17%         4
 Summon Ice Beast         Ice/Summ       #####...     17%         4


Dungeon Overview and Level Annotations

Branches:
Dungeon (7/15)             Temple (1/1) D:4

Altars:
Ashenzari
Cheibriados
Dithmenos
Elyvilon
Fedhas
Gozag
Hepliaklqana
Kikubaaqudgha
Nemelex Xobeh
Okawaru
Qazlal
Ru
Sif Muna
Trog
Vehumet
Wu Jian
Xom
Yredelemnul

Annotations:
D:3 3 runed translucent doors, LufLufFighter's ghost, weakling DsTm; Sweetruy1997's ghost, amateur DrBe; Vomitron's ghost, amateur DrVM; pigah's ghost, amateur DrWn
D:4 exclusion: downstairs
D:5 1 runed translucent door, exclusion: downstairs, Crazy Yiuf


Innate Abilities, Weirdness & Mutations

You cannot wear boots.
Your serpentine skin is tough. (AC +3)
You have supernaturally acute eyesight. (SInv)
Armour fits poorly on your strangely shaped body.
Your system is resistant to poisons. (rPois)
You cover ground very slowly.
You can spit poison.


Message History

The steam dragon is heavily wounded.
The steam dragon bites you!
* * * LOW HITPOINT WARNING * * *
The steam dragon barely misses you.
You closely miss the steam dragon.
The steam dragon is heavily wounded.
The steam dragon bites you!
* * * LOW HITPOINT WARNING * * *
The steam dragon closely misses you.
You closely miss the steam dragon.
The steam dragon is heavily wounded.
The steam dragon bites you.
* * * LOW HITPOINT WARNING * * *
The steam dragon claws you.
* * * LOW HITPOINT WARNING * * *
It was a potion of flight.
You feel very buoyant.
You fly up into the air.
The steam dragon closely misses you. The steam dragon claws you.
You die...

###################
...))...))...<..[)#
#################[#####
#.#...#
##)#...#########
#@[............# .
#.D...########.# .
#.....# #.# #.
#...§.##### #.#
##.######......§..# #.#
.............§....# #.#
#.#..........§§..# #.#
#.........#'###### #.#
....###.##..#.# #.#


You could see a steam dragon.

Vanquished Creatures
  Prince Ribbit (D:5)
  A steam dragon (D:6)
  2 orc warriors (D:6)
  A sky beast (D:5)
  4 ogres
  A centaur (D:6)
  2 bullfrogs (D:6)
  A scorpion (D:5)
  5 wights (D:6)
  A howler monkey (D:4)
  A jelly (D:5)
  A quasit (D:6)
  6 orc priests
  2 bullfrog skeletons (D:5)
  2 orc wizards
  2 worker ants
  A worker ant zombie (D:5)
  8 gnolls
  9 adders
  A white imp (D:6)
  2 ufetubi (D:5)
  An ooze (D:3)
  An adder skeleton (D:5)
  5 worms
  2 dart slugs
  5 leopard geckos
  19 orcs
  3 ball pythons
  3 giant cockroaches
  11 goblins
  4 hobgoblins
  17 jackals
  10 kobolds
  5 quokkas
  11 bats
  10 frilled lizards
  A leopard gecko skeleton (D:4)
  7 rats
169 creatures vanquished.

Vanquished Creatures (others)
  An ogre (D:6)
  A howler monkey (D:6)
  An adder (D:6)
  2 fungi (D:5)
5 creatures vanquished.

Grand Total: 174 creatures vanquished

Notes
Turn   | Place    | Note
-------+----------+-------------------------------------------
     0 | D:1      | Sobieck the Naga Ice Elementalist began the quest for the
                  | Orb.
     0 | D:1      | Reached XP level 1. HP: 15/15 MP: 3/3
   211 | D:1      | Reached XP level 2. HP: 15/22 MP: 0/5
   567 | D:2      | Found an opulent altar of Gozag.
   580 | D:2      | Reached XP level 3. HP: 21/28 MP: 4/6
   593 | D:2      | Learned a level 3 spell: Frozen Ramparts
   776 | D:2      | Reached skill level 5 in Ice Magic
  1517 | D:4      | Reached skill level 1 in Axes
  1517 | D:4      | Reached XP level 4. HP: 21/36 MP: 4/7
  1869 | D:4      | Reached XP level 5. HP: 33/42 MP: 4/8
  1942 | D:4      | Got a dazzling chain mail
  1965 | D:4      | Reached skill level 6 in Ice Magic
  2125 | D:5      | Entered Level 5 of the Dungeon
  2174 | D:4      | Found a hazy altar of Hepliaklqana.
  2234 | D:4      | Noticed an ogre
  2284 | D:4      | Killed an ogre
  2284 | D:4      | Reached XP level 6. HP: 49/49 MP: 3/9
  2295 | D:4      | Learned a level 3 spell: Ozocubu's Armour
  2415 | D:4      | Found a staircase to the Ecumenical Temple.
  2430 | D:4      | Reached skill level 7 in Ice Magic
  2435 | Temple   | Entered the Ecumenical Temple
  2748 | Temple   | Became a worshipper of Cheibriados the Contemplative
  3724 | D:1      | Reached * piety under Cheibriados
  4345 | D:2      | Reached XP level 7. HP: 55/55 MP: 3/10
  4940 | D:2      | Found a radiant altar of Vehumet.
  5141 | D:3      | Reached ** piety under Cheibriados
  5192 | D:3      | Found an iron altar of Okawaru.
  5401 | D:3      | Found a runed translucent gate.
  5401 | D:3      | Found a runed translucent gate.
  5401 | D:3      | Found a runed translucent gate.
  5403 | D:3      | Noticed LufLufFighter's ghost (weakling DsTm)
  5403 | D:3      | Noticed pigah's ghost (amateur DrWn)
  5403 | D:3      | Noticed Sweetruy1997's ghost (amateur DrBe)
  5403 | D:3      | Noticed Vomitron's ghost (amateur DrVM)
  5412 | D:3      | Found an ancient bone altar of Kikubaaqudgha.
  5412 | D:3      | Found a blossoming altar of Fedhas.
  6270 | D:5      | Noticed Prince Ribbit
  6277 | D:5      | Killed Prince Ribbit
  6277 | D:5      | Reached skill level 8 in Ice Magic
  6421 | D:5      | Reached skill level 1 in Fighting
  6421 | D:5      | Reached *** piety under Cheibriados
  6423 | D:5      | Reached XP level 8. HP: 28/64 MP: 2/11
  6781 | D:5      | Reached skill level 5 in Axes
  6887 | D:6      | Got a twisted scale mail
  7105 | D:5      | Reached **** piety under Cheibriados
  7192 | D:6      | Reached skill level 1 in Invocations
  7391 | D:5      | Found a shimmering blue altar of Sif Muna.
  7468 | D:5      | Found a runed translucent door.
  7469 | D:5      | Noticed Crazy Yiuf
  8703 | D:6      | Reached XP level 9. HP: 75/75 MP: 5/12
  8754 | D:6      | Reached skill level 5 in Invocations
  9208 | D:6      | HP: 1/75 [steam dragon/ball of steam (30)]
  9217 | D:6      | HP: 3/75 [steam dragon (6)]
  9218 | D:6      | Slain by a steam dragon

Illustrated notes

Levels and vault maps discovered:
D:1:      psy_arrival_radial01, layout_basic, corner_web_ring
D:2:      layout_loops_ring, old_standard_altar, lemuel_doored_altar
D:3:      layout_basic, grunt_temple_overflow_growth_and_decay,
          okawaru_metal_pillars_1_2, gammafunk_ghost_cemetery
D:4:      layout_cave_pools, old_standard_altar, minmay_temple_entry_overgrown
D:5:      layout_rooms, kennysheep_mini, uniq_crazy_yiuf_cottage,
          uniq_prince_ribbit1
D:6:      cheibrodos_steamvent, layout_basic, xom_confusion_cloud
D:7:      layout_loops_corners, zin_treasury, hellmonk_ghost_happy_afterlife,
          minmay_misc_feat_doors, minmay_misc_feat_alley, fedhas_altar_1,
          uniq_harold
Temple:   nicolae_temple_figure_eight

Skill      XL: |  1  2  3  4  5  6  7  8  9 |
---------------+----------------------------+-----
Ice Magic      | 5 6 7 8 |  8.0
Axes           | 1 2 3 4 7 |  7.8
Fighting       | 1 3 |  3.0
Invocations    | 4 5 |  5.3
Dodging        | |  1.5
Stealth        | |  3.0
Spellcasting   | |  2.0

Action                   |  1- 3 |  4- 6 |  7- 9 || total
-------------------------+-------+-------+-------++-------
Melee: Unarmed           |    10 |       |       ||    10
       Hand axe          |    29 |   110 |   164 ||   303
       Spear             |     8 |       |       ||     8
 Fire: Hunting sling     |       |       |    19 ||    19
       Hand crossbow     |       |       |    18 ||    18
Throw: Stone             |     2 |     2 |     9 ||    13
 Cast: Freeze            |    29 |    26 |    10 ||    65
       Frozen Ramparts   |       |     9 |    28 ||    37
       Ozocubu's Armour  |       |     6 |    14 ||    20
 Abil: Spit Poison       |    14 |     5 |     2 ||    21
  Use: Scroll            |       |     2 |     2 ||     4
       Potion            |       |       |     4 ||     4
 Stab: Sleeping          |     2 |     6 |     2 ||    10
       Invisible         |       |       |     2 ||     2
Armor: Robe              |    31 |    43 |    61 ||   135
Dodge: Dodged            |    60 |    83 |   134 ||   277

Table legend: (Time is in decaauts)
 A = Elapsed time spent in this place.
 B = Non-inter-level travel time spent in this place.
 C = Inter-level travel time spent in this place.
 D = Time resting spent in this place.
 E = Time spent auto-exploring this place.
 F = Levels seen in this place.
 G = Mean time per level.
                   A        B        C        D        E       F      G
               +--------+--------+--------+--------+--------+-----+--------+
         Total |  12813 |  12232 |    581 |   3360 |   6792 |   8 | 1601.6 |
       Dungeon |  12399 |  11863 |    536 |   3360 |   6428 |   7 | 1771.3 |
        Temple |    414 |    370 |     44 |      0 |    363 |   1 |  414.0 |
               +--------+--------+--------+--------+--------+-----+--------+

Top non-repeatable levels by time:
     D:5: 2937 daAuts
     D:2: 2537 daAuts
     D:1: 2107 daAuts
     D:3: 1942 daAuts
     D:4: 1593 daAuts
     D:6: 1276 daAuts
  Temple: 414 daAuts
     D:7: 4 daAuts
